 Dungeon Crawl Stone Soup version 0.28-a0-1613-gdaab1c2f9b (webtiles) character file.

Game seed: 1567291269201334148

3257 kae the Ruffian (level 9, -30/88 HPs)
             Began as a Green Draconian Transmuter on Jan 21, 2022.
             Was a Follower of Ru.
             Annihilated by a boulder beetle (50 damage)
             ... on level 11 of the Dungeon.
             The game lasted 00:07:38 (11451 turns).

kae the Ruffian (Green Draconian Transmuter)       Turns: 11451, Time: 00:07:39

Health: -30/88     AC:  7    Str: 15    XL:     9   Next: 67%
Magic:  13/16      EV: 11    Int: 15    God:    Ru [*.....]
Gold:   409        SH:  0    Dex: 12    Spells: 9/17 levels left

rFire   x . .      SeeInvis .     - Unarmed
rCold   + + +      Faith    .   (shield currently unavailable)
rNeg    . . .      Spirit   .   (armour unavailable)
rPois   +          Reflect  .   (helmet currently unavailable)
rElec   .          Harm     .   (cloak currently unavailable)
rCorr   .          Rampage  .   (gloves currently unavailable)
Will    .....                   (boots currently unavailable)
Stlth   ..........              (no amulet)
HPRegen 0.24/turn               b - ring of protection from cold
MPRegen 0.15/turn               e - ring of wizardry

@: ice-form
A: freezing attack, amphibious, boosted hp, (breathe noxious fumes), AC +7,
large, unfitting armour, (poison resistance), (cold-blooded), no stealth, no
hexes magic, no poison magic, no summoning magic
a: End Transformation, Renounce Religion, Sacrifice Purity, Sacrifice Courage,
Sacrifice Experience, Reject Sacrifices


You were on level 11 of the Dungeon.
You worshipped Ru.
Ru was aware of your devotion.
You were a creature of crystalline ice.
You visited 1 branch of the dungeon, and saw 10 of its levels.

You collected 449 gold pieces.
You spent 40 gold pieces at shops.

Inventory:

Jewellery
 b - a ring of protection from cold (left front paw)
 e - a ring of wizardry (right front paw)
 r - a ring of positive energy
Wands
 d - a wand of flame (19)
 f - a wand of acid (7)
 k - a wand of iceblast (7)
 s - a wand of mindburst (19)
Scrolls
 o - a scroll of holy word
 p - 3 scrolls of teleportation
 q - 2 scrolls of fog
 w - 2 scrolls of amnesia
Potions
 a - a potion of degeneration
 c - 2 potions of might
 g - a potion of brilliance
 h - a potion of cancellation
 i - a potion of invisibility
 j - 2 potions of mutation
 l - a potion of attraction
 m - a potion of curing


   Skills:
 + Level 5.1 Fighting
 + Level 4.5 Dodging
 * Level 7.3 Unarmed Combat
 + Level 4.6 Spellcasting
 * Level 7.0 Transmutations
 - Level 5.0 Ice Magic


You had 9 spell levels left.
You knew the following spells:

 Your Spells              Type           Power      Damage    Failure   Level
a - Beastly Appendage     Tmut           48%        N/A       1%          1
b - Spider Form           Tmut/Pois      14%        N/A       4%          3
c - Ice Form              Ice/Tmut       21%        N/A       6%          4

Your spell library contained the following spells:

 Spells                   Type           Power      Damage    Failure   Level
 Freeze                   Ice            72%        1d9       1%          1
 Wereblood                Tmut           24%        N/A       1%          2
 Frozen Ramparts          Ice            36%        1d5       2%          3
 Static Discharge         Conj/Air       3%         N/A       11%         2
 Hailstorm                Conj/Ice       11%        3d5       24%         4
 Dispel Undead            Necr           3%         3d7       52%         4
 Flame Wave               Conj/Fire      3%         2d4       52%         4
 Sticky Flame             Conj/Fire      3%         2d3       52%         4
 Sting                    Tmut/Pois      Unusable   1d5       N/A         1
 Summon Small Mammal      Summ           Unusable   N/A       N/A         1
 Poisonous Vapours        Pois/Air       Unusable   N/A       N/A         2
 Call Canine Familiar     Summ           Unusable   N/A       N/A         3
 Olgreb's Toxic Radiance  Pois           Unusable   N/A       N/A         4
 Summon Lightning Spire   Summ/Air       Unusable   N/A       N/A         4
 Summon Forest            Summ/Tloc      Unusable   N/A       N/A         5

Dungeon Overview and Level Annotations

Branches:
Dungeon (11/15)            Temple (0/1) D:6            Lair (0/6) D:8
    Orc: D:9-12

Altars:
Ashenzari
Cheibriados
Makhleb
Okawaru
Qazlal
Ru
Sif Muna
The Shining One
Lugonu

Shops:
D:4 *

Annotations:
D:7 2 transporters


Innate Abilities, Weirdness & Mutations

You are a creature of crystalline ice.
You have a powerful freezing melee attack.
You are amphibious.
Your maximum health is increased.
Your armour is entirely melded.
You are incapable of wielding weapons or throwing items.
((You can breathe blasts of noxious fumes.))
((Your lurid green scales are hard. (AC +7)))
You cannot fit into any form of body armour.
((Your system is resistant to poisons. (rPois)))
((You are cold-blooded and may be slowed by cold attacks.))
You cannot be stealthy.
You cannot study or cast Hexes magic.
You cannot study or cast Poison magic.
You cannot study or cast Summoning magic.


Message History

(D) Dungeon (T) Temple (L) Lair
Where to? (Enter - D:11 @ (x,y), ? - help)
A centaur comes into view.
The centaur shouts!
The centaur wields a +0 shortbow.
The centaur shoots an arrow.
The arrow hits you.
Casting: Ice Form (dangerous; 6% risk of failure)
Confirm with . or Enter, or press ? or * to list all spells.
You turn into a creature of crystalline ice.
The boulder beetle curls into a ball and begins rolling!
The centaur shoots an arrow.
The arrow hits you.
The centaur unwields a +0 shortbow.
The centaur barely misses you. The centaur closely misses you.
The centaur hits you. The centaur kicks you.
You barely miss the centaur.
The centaur hits you but does no damage.
The centaur barely misses you.
You punch the centaur! You freeze the centaur.
The centaur is almost dead.
The centaur hits you but does no damage.
The centaur kicks you but does no damage.
You punch the centaur! You freeze the centaur.
You kill the centaur!
The boulder beetle hits you!!
The boulder beetle stops rolling and uncurls.
Your Transmutations skill increases to level 7!
Found 21 stones.
Found a stone staircase leading down.
Things that are here:
a +0 shortbow; 17 arrows The boulder beetle curls into a ball and begins rolling!
The boulder beetle hits you!!
* * * LOW HITPOINT WARNING * * *
The boulder beetle stops rolling and uncurls.
The boulder beetle curls into a ball and begins rolling!
A two-headed ogre comes into view.
It is wielding a +1 dire flail of pain and a +0 giant club.
The two-headed ogre shouts in stereo!
Found 23 gold pieces.
There is a stone staircase leading down here.
The boulder beetle hits you!!!
Ouch! That really hurt!
You die...

.......## #########.# *,,,,,,,,,,
......## ##.......).# **,,,,,,,,,
.....## #.........## *,,,,,,,,,
#.#### *#..........####,,,,,,,,,
##.## *..............≈.,,,,≈≈≈≈
#..# *..(....°..≈.≈≈≈≈≈≈≈≈≈≈≈≈
##.## *#......°..≈≈≈≈≈≈≈≈≈≈≈≈≈≈
##..# #......B..≈≈≈≈≈≈≈≈≈≈≈≈≈≈
##...## #......Y.#≈≈≈≈≈≈≈≈≈≈,≈≈≈
#.....# #........#≈≈≈≈#.,,,,≈≈,≈
#.....## ##.......#≈≈≈##****,*,,*
#......## #.......#≈≈##* ***,,***
........# #....O..#≈**≈***,,*****
........####......#≈≈≈≈*,,,,,,,,*
#.................#**≈≈*,*,,,,,,,
###....######....$.*******,,,,,,,
##...# ****,,,,*****,,,,,,,,


You could see a boulder beetle (rolling) and a two-headed ogre.

Vanquished Creatures
  An ugly thing (D:11)
  A komodo dragon (D:8)
  2 steam dragons (D:8)
  A water moccasin (D:6)
  A hornet zombie (D:4)
  2 orc warriors (D:7)
  A black bear (D:6)
  An ogre (D:3)
  3 centaurs
  2 phantoms (D:6)
  3 bullfrogs
  A wyvern zombie (D:5)
  2 water moccasin skeletons
  2 wyvern skeletons
  3 killer bees (D:9)
  5 wights
  A centaur zombie (D:7)
  A bullfrog zombie (D:7)
  A gnoll shaman (D:6)
  A hound (D:5)
  An orc priest (D:8)
  5 orc wizards
  Natasha (thrice) (D:3)
  An iguana (D:7)
  3 howler monkey skeletons (D:7)
  3 gnolls (D:7)
  4 adders
  A white imp (D:7)
  An ufetubus (D:5)
  An adder skeleton (D:5)
  A dart slug (D:1)
  22 orcs
  8 bats
  8 endoplasms
  4 giant cockroaches
  13 goblins
  7 hobgoblins
  3 jackals (D:4)
  3 quokkas
  8 ball pythons
  5 frilled lizards
  4 kobolds
  2 rats
146 creatures vanquished.

Vanquished Creatures (others)
  4 plants (D:8)
4 creatures vanquished.

Grand Total: 150 creatures vanquished

Notes
Turn   | Place    | Note
-------+----------+-------------------------------------------
     0 | D:1      | kae the Draconian Transmuter began the quest for the Orb.
     0 | D:1      | Reached XP level 1. HP: 16/16 MP: 3/3
   215 | D:1      | Reached XP level 2. HP: 21/23 MP: 3/5
  1187 | D:2      | Reached XP level 3. HP: 28/28 MP: 4/6
  1194 | D:2      | Learned a level 3 spell: Spider Form
  1221 | D:2      | Found a faded altar of an unknown god.
  1518 | D:2      | Found a sacrificial altar of Ru.
  1584 | D:2      | Became a worshipper of Ru the Awakened
  2194 | D:3      | Noticed Natasha
  2200 | D:3      | Killed Natasha
  2201 | D:3      | Reached skill level 1 in Poison Magic
  2201 | D:3      | Reached XP level 4. HP: 20/36 MP: 5/7
  2475 | D:3      | Noticed Natasha
  2482 | D:3      | Killed Natasha
  2602 | D:3      | Noticed an ogre
  2644 | D:3      | Noticed Natasha
  2646 | D:3      | Killed an ogre
  2647 | D:3      | Reached XP level 5. HP: 41/41 MP: 4/8
  2651 | D:3      | Killed Natasha
  3021 | D:4      | Learned a level 4 spell: Ice Form
  3307 | D:4      | Reached XP level 6. HP: 40/50 MP: 9/9
  3588 | D:4      | Reached skill level 1 in Ice Magic
  3778 | D:4      | Gained mutation: You cannot be stealthy. [Ru sacrifice]
  3939 | D:4      | Found Xenlugho's General Store.
  3945 | D:4      | Bought a potion of might for 40 gold pieces
  4099 | D:5      | Entered Level 5 of the Dungeon
  4308 | D:5      | Found a broken altar of Ashenzari.
  4340 | D:5      | HP: 2/50 [water moccasin skeleton (4)]
  4677 | D:5      | Your scales start taking on a lurid green colour.
  4677 | D:5      | Reached XP level 7. HP: 44/56 MP: 6/11
  4677 | D:5      | Gained mutation: Your system is resistant to poisons.
                  | (rPois) [Green Draconian growth]
  5708 | D:6      | Found a staircase to the Ecumenical Temple.
  5942 | D:6      | Reached skill level 5 in Unarmed Combat
  6306 | D:6      | Found an iron altar of Okawaru.
  6776 | D:6      | Identified the +6 mace of Nightmares {vorpal, rC- Will-
                  | Str+8 SInv}
  6897 | D:6      | Gained mutation: You cannot study or cast Poison magic. [Ru
                  | sacrifice]
  6897 | D:6      | Gained mutation: You cannot study or cast Hexes magic. [Ru
                  | sacrifice]
  6897 | D:6      | Gained mutation: You cannot study or cast Summoning magic.
                  | [Ru sacrifice]
  6897 | D:6      | Reached * piety under Ru
  6907 | D:6      | Reached XP level 8. HP: 63/63 MP: 9/13
  6952 | D:6      | Reached skill level 5 in Transmutations
  7143 | D:7      | Got the Tome of Supportive Fire
  7899 | D:7      | Found a transporter.
  7902 | D:7      | Found a transporter.
  7902 | D:7      | Noticed a red ugly thing
  7904 | D:7      | Found a corrupted altar of Lugonu.
  7917 | D:7      | Found a glowing golden altar of the Shining One.
  7917 | D:7      | Found a stormy altar of Qazlal.
  8422 | D:7      | Found a shimmering blue altar of Sif Muna.
  8465 | D:7      | Found a snail-covered altar of Cheibriados.
  8474 | D:7      | Found a burning altar of Makhleb.
  8849 | D:8      | Found a staircase to the Lair.
  8850 | D:8      | Noticed a komodo dragon
  8917 | D:8      | Killed a komodo dragon
  8918 | D:8      | Reached XP level 9. HP: 59/72 MP: 7/15
  9681 | D:8      | Reached skill level 5 in Ice Magic
  9686 | D:8      | HP: 3/75 [wight (2)]
 10817 | D:9      | You fall into a shaft and drop 2 floors!
 10817 | D:11     | Noticed a red ugly thing
 11092 | D:11     | HP: 3/78 [red ugly thing (34)]
 11119 | D:11     | Killed a red ugly thing
 11120 | D:11     | Reached skill level 5 in Fighting
 11418 | D:11     | Noticed a boulder beetle
 11449 | D:11     | Noticed a two-headed ogre
 11451 | D:11     | Annihilated by a boulder beetle

Illustrated notes

Levels and vault maps discovered:
D:1:      erik_arrival_orb_chamber, layout_basic, st_stairs_14
D:2:      layout_rooms, basic_altar, ebering_ecumenical_altar_ruins,
          corner_web_ring
D:3:      layout_loops_ring, chequers_serial_rivers_room_a,
          minmay_ogre_servants, uniq_natasha
D:4:      layout_loops_cross, serial_shops, shop, grunt_decor_arrowhead,
          st_stairs_8
D:5:      layout_basic, evilmike_ruin_ashenzari
D:6:      layout_basic, okawaru_ov_weapons_minmay, minmay_temple_entry_junction,
          serial_co_window_serial, co_window_corner_a,
          co_window_of_opportunity_a, co_window_paths_a,
          co_window_of_opportunity_a, co_window_paths_b, co_window_2corner,
          co_window_corner_b, co_window_cross_3, co_window_sun,
          co_window_4corner_b, minmay_fountain_box
D:7:      gammafunk_corrupted_shrine, layout_rooms, mainiacjoe_overflow_swirl,
          gammafunk_temple_overflow_statue, lemuel_blue_sif_altar
D:8:      layout_gridville, david_lair_shrubbed
D:9:      layout_cave_pools, mainiacjoe_overflow_catch_the_wave
D:11:     layout_cave_pods, serial_rivers, chequers_serial_rivers_small_a,
          chequers_serial_rivers_large_a, chequers_serial_rivers_marsh,
          chequers_serial_rivers_small_b, special_room [special_room_bee]

Skill      XL: |  1  2  3  4  5  6  7  8  9 |
---------------+----------------------------+-----
Dodging        | 2 3 4 |  4.5
Fighting       | 2 3 4 5 |  5.1
Poison Magic   | 1 2 0 |  0.0
Transmutations | 3 4 5 7 |  7.0
Unarmed Combat | 4 5 6 7 |  7.3
Ice Magic      | 1 3 4 5 |  5.0
Spellcasting   | 3 4 |  4.6

Action                   |  1- 3 |  4- 6 |  7- 9 || total
-------------------------+-------+-------+-------++-------
Melee: Unarmed           |   111 |   121 |   183 ||   415
       Kick              |    22 |    10 |       ||    32
       Tailslap          |     9 |     8 |     2 ||    19
       Headbutt          |     9 |     5 |       ||    14
       Punch             |     1 |     2 |     2 ||     5
 Cast: Beastly Appendage |    36 |     9 |       ||    45
       Spider Form       |       |    10 |     4 ||    14
       Ice Form          |       |     1 |    31 ||    32
Invok: Sacrifice Stealth |       |     1 |       ||     1
       Sacrifice Arcana  |       |       |     1 ||     1
 Abil: Breathe Noxious F |       |       |     1 ||     1
Evoke: Wand              |       |       |     1 ||     1
  Use: Scroll            |     2 |     3 |    14 ||    19
       Potion            |       |     4 |     4 ||     8
 Stab: Confused          |       |       |     1 ||     1
Armor: Skin              |    48 |    37 |    41 ||   126
Dodge: Dodged            |    82 |   106 |   117 ||   305

Table legend: (Time is in decaauts)
 A = Elapsed time spent in this place.
 B = Non-inter-level travel time spent in this place.
 C = Inter-level travel time spent in this place.
 D = Time resting spent in this place.
 E = Time spent auto-exploring this place.
 F = Levels seen in this place.
 G = Mean time per level.
                   A        B        C        D        E       F      G
               +--------+--------+--------+--------+--------+-----+--------+
         Total |  11437 |  11089 |    348 |   1643 |   8052 |  10 | 1143.7 |
       Dungeon |  11437 |  11089 |    348 |   1643 |   8052 |  10 | 1143.7 |
               +--------+--------+--------+--------+--------+-----+--------+

Top non-repeatable levels by time:
     D:6: 1873 daAuts
     D:8: 1769 daAuts
     D:7: 1602 daAuts
     D:5: 1318 daAuts
     D:3: 1317 daAuts
     D:1: 1179 daAuts
     D:4: 1015 daAuts
    D:11: 633 daAuts
     D:2: 590 daAuts
     D:9: 138 daAuts
